 Dungeon Crawl Stone Soup version 0.21.1-1-g345015f (webtiles) character file.

62 vatarom the Scratcher (level 3, 0/16 HPs)
             Began as a Felid Transmuter on Mar 26, 2018.
             Succumbed to an adder's poison
             ... on level 2 of the Dungeon.
             The game lasted 00:04:32 (2023 turns).

vatarom the Scratcher (Felid Transmuter)            Turns: 2023, Time: 00:04:33

Health: 0/16       AC:  1    Str:  7    XL:     3   Next: 85%
Magic:  1/7        EV: 18    Int: 14    God:
Gold:   90         SH:  0    Dex: 16    Spells: 0/6 levels left
                                        Lives:  0   Deaths: 0

rFire    . . .     SeeInvis +     - Unarmed
rCold    . . .     Gourm    .   (shield unavailable)
rNeg     . . .     Faith    .   (armour unavailable)
rPois    .         Spirit   .   (helmet unavailable)
rElec    .         Reflect  .   (cloak unavailable)
rCorr    .         Harm     .   (gloves unavailable)
MR       .....                  (boots unavailable)
Stlth    ++........             (no amulet)
HPRegen  0.05/turn              (no ring)
MPRegen  0.10/turn              (no ring)

@: lethally poisoned (0 -> -4), very slightly contaminated, quick
A: very small, no armour, no weapons or thrown items, stealth, claws 1, fangs 3,
see invisible, carnivore, speed 1, shaggy fur 1, slow metabolism 1, sharp paws
a: no special abilities


You were on level 2 of the Dungeon.
You were completely stuffed.

You visited 1 branch of the dungeon, and saw 2 of its levels.

You collected 90 gold pieces.

Inventory:

Missiles
 a - 4 arrows
Scrolls
 d - a scroll of remove curse {unknown}
 e - 2 scrolls of identify {unknown}
Potions
 f - 2 potions of lignification {unknown}
Books
 b - a book of Changes

   Spells                             Type                      Level
   a - Beastly Appendage              Transmutation                1
   b - Sticks to Snakes               Transmutation                2
   c - Spider Form                    Transmutation/Poison         3
   d - Ice Form                       Ice/Transmutation            4
   e - Blade Hands                    Transmutation                5
Comestibles
 c - 3 rations
 g - 2 chunks of flesh


   Skills:
 * Level 1.9 Fighting
 + Level 3.1 Dodging
 * Level 1.9 Stealth
 * Level 3.5 Unarmed Combat
 + Level 2.2 Spellcasting
 + Level 2.5 Transmutations


You couldn't memorise any spells.
You knew the following spells:

 Your Spells              Type           Power        Failure   Level  Hunger
a - Beastly Appendage     Tmut           #.....       9%          1    #......
b - Sticks to Snakes      Tmut           #.......     12%         2    ###....
c - Spider Form           Tmut/Pois      #.........   38%         3    ###....


Dungeon Overview and Level Annotations

Branches:
Dungeon (2/15)

Altars:


Innate Abilities, Weirdness & Mutations

You cannot wear armour.
You are incapable of wielding weapons or throwing items.
Your paws allow you to move quietly. (Stealth)
You have sharp claws.
You have razor-sharp teeth.
You have supernaturally acute eyesight. (SInv)
You are carnivorous and can eat meat at any time.
You cover ground quickly.
You are covered in fur. (AC +1)
You have a slow metabolism.
Your sharp claws are effective at attacking unaware monsters.


Message History

Your ball python dies!
Casting: Sticks to Snakes
Confirm with . or Enter, or press ? or * to list all spells.
You miscast Sticks to Snakes.
You are very lightly contaminated with residual magic.
Your skin tingles.
You feel sick. The bat hits you.
* * * LOW HITPOINT WARNING * * *
The bat hits you.
* * * LOW HITPOINT WARNING * * *
The bat barely misses you.
Casting: Sticks to Snakes
Confirm with . or Enter, or press ? or * to list all spells.
You miscast Sticks to Snakes.
You smell something strange.
Your horns disappear.
The bat misses you.
Unknown command.
The bat misses you. The bat closely misses you. The bat misses you.
You die...

#.# #.#.#..'.'..#
##.####.#######.#.#+##.####.
.......)........#...(.......
##.###.####.####.#'##.####. #.
#.####.####.#..#.# #.
#.........#.#..+.+
##.########....#.####.##+#.
####...#######..###...........
..........##..@..#
#.####.##+#.
....#..)#.##.##.## #.#..#.#
#.....รท..bSb##.# #.#..'.+ .
.......##.#####.# #.#'##.####.
...##.# #.# #.# #........... #
#. #.# #.# #.#'##.####. . #.#
#.# #.#..#.#..#. .# #.# .#
#.#..'.'..#. .# ?.#
#.####.##'#.


You could see an adder and a bat.

Vanquished Creatures
  3 adders (D:2)
  2 oozes (D:2)
  A leopard gecko (D:1)
  3 bats (D:2)
  A giant cockroach (D:2)
  6 goblins
  4 hobgoblins
  3 jackals (D:1)
  3 kobolds
  A frilled lizard (D:2)
  A rat (D:1)
28 creatures vanquished.

Vanquished Creatures (collateral kills)
  A bat (D:1)
1 creature vanquished.

Grand Total: 29 creatures vanquished

Notes
Turn   | Place    | Note
-------+----------+-------------------------------------------
     0 | D:1      | vatarom the Felid Transmuter began the quest for the Orb.
     0 | D:1      | Reached XP level 1. HP: 9/9 MP: 4/4
   331 | D:1      | Reached XP level 2. HP: 8/12 MP: 4/6
   515 | D:1      | Learned a level 2 spell: Sticks to Snakes
  1278 | D:2      | Reached skill level 1 in Stealth
  1278 | D:2      | Reached XP level 3. HP: 11/15 MP: 4/7
  1915 | D:2      | Learned a level 3 spell: Spider Form
  2023 | D:2      | Succumbed to an adder's poison

Skill      XL: |  1  2 |
---------------+-------+-----
Dodging        | 3 |  3.1
Stealth        | 1 |  1.9
Fighting       | |  1.9
Unarmed Combat | |  3.5
Spellcasting   | |  2.2
Transmutations | |  2.5

Action                   || total
-------------------------++-------
Melee: Unarmed           ||   101
       Headbutt          ||     5
       Bite              ||     5
 Cast: Beastly Appendage ||    18
       Sticks to Snakes  ||     8
 Stab: Sleeping          ||     3
  Eat: Chunk             ||    10
Armor: Skin              ||     3
Dodge: Dodged            ||   101
